 Dungeon Crawl Stone Soup version 0.23-a0-537-g04293e5 (webtiles) character file.

30391 Lilu the Thaumaturge (level 13, -7/81 HPs)
             Began as a Deep Elf Conjurer on Dec 7, 2018.
             Was an Elder of Vehumet.
             Mangled by a warg (13 damage)
             ... on level 5 of the Lair of Beasts.
             The game lasted 01:32:43 (17458 turns).

Lilu the Thaumaturge (Deep Elf Conjurer)           Turns: 17458, Time: 01:32:43

Health: -7/81      AC: 13    Str:  5    XL:     13   Next: 20%
Magic:  28/31      EV: 19    Int: 26    God:    Vehumet [****..]
Gold:   1036       SH:  0    Dex: 15    Spells: 13/37 levels left

rFire    + . .     SeeInvis .   N - staff of poison (curse)
rCold    + . .     Gourm    .   (no shield)
rNeg     . . .     Faith    .   D - +0 leather armour {rC+}
rPois    +         Spirit   .   F - +0 helmet
rElec    .         Reflect  .   x - +1 cloak
rCorr    .         Harm     .   K - +2 pair of gloves
MR       +....                  (no boots)
Stlth    ++........             j - amulet of magic regeneration
HPRegen  0.23/turn              b - ring of protection from fire
MPRegen  0.47/turn              z - +4 ring of protection

@: no status effects
A: no striking features
a: Renounce Religion


You were on level 5 of the Lair of Beasts.
You worshipped Vehumet.
Vehumet was greatly pleased with you.
You were not hungry.

You visited 3 branches of the dungeon, and saw 18 of its levels.

You collected 1036 gold pieces.

Inventory:

Hand Weapons
 V - the cursed +3 hunting sling of the New World {speed, Dex+4, unknown}
   (You found it on level 4 of the Lair of Beasts)

   Attacks with this weapon are significantly faster.
   It affects your dexterity (+4).
   It has a curse placed upon it.
 W - the cursed +1 hunting sling "Gagoppi" {flame, rF+ rC+ MR+ Dex+2, unknown}
   (You found it on level 5 of the Lair of Beasts)

   It causes projectiles fired from it to burn those they strike, causing extra
   injury to most foes and up to half again as much damage against particularly
   susceptible opponents.
   It affects your dexterity (+2).
   It protects you from fire.
   It protects you from cold.
   It affects your resistance to hostile enchantments.
   It has a curse placed upon it.
Armour
 w - the cursed +0 pair of gloves of Roghiane {*Drain +Blink rN++ Dex+8}
   (You found it on level 2 of the Lair of Beasts)

   It affects your dexterity (+8).
   It greatly protects you from negative energy.
   It lets you blink.
   It causes draining when unequipped.
   It has a curse placed upon it.
 x - a +1 cloak (worn)
 D - a +0 leather armour of cold resistance (worn)
 F - a +0 helmet (worn)
 H - a +2 robe of the Archmagi
 K - a +2 pair of gloves (worn)
 P - the +1 leather armour of the Thinker {Str+4}
   (You found it on level 2 of the Lair of Beasts)

   It affects your strength (+4).
Magical Staves
 f - an uncursed staff of cold
 N - a cursed staff of poison (weapon)
Jewellery
 b - a ring of protection from fire (left hand)
 h - an uncursed ring of resist corrosion
 j - an amulet of magic regeneration (around neck)
 o - an uncursed amulet of the acrobat
 z - a +4 ring of protection (right hand)
 L - an uncursed ring of ice
 T - an uncursed ring of see invisible
 Y - a +2 ring of strength
Wands
 B - a wand of paralysis (5)
 E - a wand of acid (6)
 I - a wand of disintegration (18)
 U - a wand of iceblast (1)
 Z - a wand of polymorph (7)
Scrolls
 g - 2 scrolls of amnesia
 k - 8 scrolls of remove curse
 n - 3 scrolls of identify
 p - 7 scrolls of teleportation
 q - 2 scrolls of enchant armour
 v - 7 scrolls of blinking
 y - 5 scrolls of fear
 C - 6 scrolls of immolation
 J - 5 scrolls of enchant weapon
 O - a scroll of fog {unknown}
Potions
 a - 2 potions of invisibility
 d - a potion of brilliance {unknown}
 e - 5 potions of heal wounds
 i - 2 potions of ambrosia {unknown}
 l - a potion of mutation {unknown}
 m - 2 potions of resistance
 r - 2 potions of lignification {unknown}
 s - 6 potions of curing
 t - 2 potions of flight
 u - 3 potions of might
 A - 2 potions of cancellation {unknown}
 G - 2 potions of magic
 M - 3 potions of agility
 R - a potion of haste {unknown}
Miscellaneous
 Q - a phial of floods
 S - a phial of floods
Comestibles
 c - 29 rations
 X - 4 chunks of flesh


   Skills:
 + Level 9.7 Fighting
 - Level 12.0 Dodging
 - Level 2.4 Stealth
 + Level 12.5 Spellcasting
 + Level 11.8 Conjurations
 - Level 6.0 Hexes
 - Level 6.0 Charms
 - Level 6.0 Translocations
 - Level 5.0 Evocations


You had 13 spell levels left.
You knew the following spells:

 Your Spells              Type           Power        Failure   Level  Hunger
a - Magic Dart            Conj           ####         1%          1    None
b - Searing Ray           Conj           ######       1%          2    None
c - Fulminant Prism       Conj/Hex       ######....   1%          4    None
d - Force Lance           Conj/Tloc      ######..     1%          4    None
e - Animate Skeleton      Necr           N/A          6%          1    None
f - Shroud of Golubria    Chrm/Tloc      #####.....   1%          2    None
g - Swiftness             Chrm/Air       ####....     2%          2    None
h - Apportation           Tloc           #####.       1%          1    None
i - Orb of Destruction    Conj           ######....   11%         7    ######.

Your spell library contained the following spells:

 Spells                   Type           Power        Failure   Level  Hunger
 Confusing Touch          Hex            #####.       1%          1    None
 Corona                   Hex            #####..      1%          1    None
 Infusion                 Chrm           ####         1%          1    None
 Sandblast                Erth           ###...       1%          1    None
 Shock                    Conj/Air       ####         1%          1    None
 Song of Slaying          Chrm           #####...     1%          2    None
 Confuse                  Hex            #####...     1%          3    None
 Dazzling Spray           Conj/Hex       ######       1%          3    None
 Spectral Weapon          Hex/Chrm       #####...     1%          3    None
 Static Discharge         Conj/Air       #####...     1%          3    None
 Stone Arrow              Conj/Erth      #####.       1%          3    None
 Tukima's Dance           Hex            #####...     1%          3    None
 Iskenderun's Mystic Bla  Conj           ######..     1%          4    None
 Ensorcelled Hibernation  Hex/Ice        ####..       2%          2    None
 Lightning Bolt           Conj/Air       #####.....   4%          5    ###....
 Recall                   Summ/Tloc      N/A          5%          3    None
 Regeneration             Chrm/Necr      ####......   5%          3    None
 Summon Guardian Golem    Hex/Summ       ####....     5%          3    None
 Beastly Appendage        Tmut           ###...       6%          1    None
 Pain                     Necr           ###.         6%          1    None
 Summon Small Mammal      Summ           ###.         6%          1    None
 Call Imp                 Summ           ###.....     9%          2    None
 Passwall                 Tmut/Erth      ###.....     9%          2    None
 Sticks to Snakes         Tmut           ###.....     9%          2    None
 Airstrike                Air            ###.......   16%         4    None
 Call Canine Familiar     Summ           ###.....     19%         3    None
 Spider Form              Tmut/Pois      ###.......   19%         3    None
 Vampiric Draining        Necr           ###.......   19%         3    None
 Lee's Rapid Deconstruct  Erth           ###.......   38%         5    ###....
 Summon Forest            Summ/Tloc      ####......   43%         5    ###....
 Summon Mana Viper        Hex/Summ       ####....     43%         5    ###....
 Animate Dead             Necr           N/A          52%         4    None
 Ice Form                 Ice/Tmut       ###.....     52%         4    None
 Petrify                  Tmut/Erth      ###.....     52%         4    None
 Summon Ice Beast         Ice/Summ       ###.....     52%         4    None
 Summon Lightning Spire   Summ/Air       ###.....     52%         4    None
 Aura of Abjuration       Summ           ###.......   86%         5    ###....
 Blade Hands              Tmut           ###.......   86%         5    ###....
 Summon Demon             Summ           ###.......   86%         5    ###....
 Shadow Creatures         Summ           N/A          100%        6    #####..


Dungeon Overview and Level Annotations

Branches:
Dungeon (11/15)            Temple (1/1) D:6            Lair (6/6) D:10
 Shoals (0/4) Lair:3        Snake (0/4) Lair:4        Slime (0/5) Lair:5
    Orc: D:9-12

Altars:
Elyvilon
Gozag
Kikubaaqudgha
Qazlal
Sif Muna
Vehumet
Wu Jian
Xom
Yredelemnul
Zin
The Shining One

Shops:
D:4 *   D:6 [   D:10 %


Message History

Press: ? - help, Shift-Dir - straight line, f - warg
Aim: a warg The searing ray hits the warg.
The warg is moderately wounded. (Press . to maintain the ray.)
The warg completely misses you.
Your polar bear skeleton bites the plant.
Your polar bear skeleton claws the plant but does no damage. x2
The wolf completely misses you. The warg bites you!
* * * LOW HITPOINT WARNING * * *
The wolf completely misses you. The warg bites you.
* * * LOW HITPOINT WARNING * * *
You climb upwards.
There is a stone staircase leading down here.
The wolf barely misses you. The wolf misses you. The warg bites you!
* * * LOW HITPOINT WARNING * * *
The wolf completely misses you. The wolf completely misses you.
The warg bites you!
You die...

.....##
#.#........PP#
......##
##........PPP#
...#...#
#.P.......PP##
.P..####
#........#..# ..#.#
##......###.# #####
#.P...## ### #
##.P....# #......##
#####
##@.....###.#.#
##hh........##.# ###
###..#.##........##
#P#
##...#####..P......#
..# #####...##
#####.....#
.P#####PP..>..#
##P####
..##.#....#.###
##### ...........##
### ##.#.##
..........###
###.###.....#


You could see a warg and a wolf.

Vanquished Creatures
  Gastronok (Lair:3)
  Snorg (D:10)
  Harold (D:9)
  A catoblepas (Lair:5)
  Erica (D:8)
  A hydra (Lair:2)
  3 two-headed ogres
  5 death yaks
  Urug (Lair:3)
  3 black mambas
  3 elephants (Lair:5)
  A centaur zombie (D:10)
  Psyche (D:8)
  5 spiny frogs
  A rime drake (Lair:4)
  4 komodo dragons
  A troll (D:10)
  A polar bear (Lair:6)
  Prince Ribbit (D:7)
  3 hippogriffs
  9 blink frogs
  A snapping turtle (Lair:3)
  Sigmund (D:6)
  Eustachio (D:6)
  A vampire (D:9)
  A spriggan (D:8)
  Grum (D:10)
  3 basilisks
  15 yaks
  4 vampire mosquitoes
  Edmund (D:6)
  7 water moccasins
  5 porcupines
  Duvessa (D:4)
  2 sky beasts
  7 ice beasts
  5 orc warriors
  4 ogres
  A necrophage (D:9)
  7 wolves
  3 centaurs
  6 crocodiles
  A big kobold (D:10)
  Blork the orc (D:6)
  8 bullfrogs
  A gnoll sergeant (D:7)
  Dowan (D:4)
  3 killer bees (D:11)
  4 howler monkeys
  7 wights
  An electric eel (Lair:3)
  3 crimson imps
  2 quasits
  3 hounds
  A gnoll shaman (D:6)
  9 orc priests
  11 orc wizards
  Crazy Yiuf (D:2)
  4 iguanas
  7 worker ants
  2 hound skeletons
  Robin (D:4)
  17 adders
  9 gnolls
  A howler monkey skeleton (D:8)
  3 shadow imps
  An ooze (D:3)
  An adder skeleton (D:4)
  3 worms
  6 leopard geckos
  41 orcs
  2 ball pythons
  5 giant cockroaches
  10 goblins
  10 hobgoblins
  16 jackals
  5 kobolds
  7 quokkas
  A ball python skeleton (D:5)
  12 bats
  4 frilled lizards
  8 rats
358 creatures vanquished.

Vanquished Creatures (collateral kills)
  A rime drake (Lair:2)
  A komodo dragon (Lair:2)
  A blink frog (Lair:5)
  A hippogriff (Lair:1)
  A yak (Lair:2)
  2 water moccasins
  A porcupine (Lair:2)
  An orc warrior (D:9)
  A bullfrog (Lair:3)
  A scorpion (D:9)
  A centaur skeleton (D:10)
  A hound (D:8)
  An orc wizard (D:9)
  2 gnolls (D:7)
  A leopard gecko (D:6)
  2 orcs
  A kobold (D:10)
  A fungus (Lair:2)
  A plant (Lair:2)
22 creatures vanquished.

Vanquished Creatures (others)
  A worker ant zombie (D:8)
  143 fulminant prisms
  5 fungi
  8 plants
157 creatures vanquished.

Grand Total: 537 creatures vanquished

Notes
Turn   | Place    | Note
-------+----------+-------------------------------------------
     0 | D:1      | Lilu the Deep Elf Conjurer began the quest for the Orb.
     0 | D:1      | Reached XP level 1. HP: 10/10 MP: 6/6
   383 | D:1      | Reached XP level 2. HP: 10/16 MP: 2/8
   589 | D:1      | Learned a level 2 spell: Searing Ray
  1298 | D:2      | Reached XP level 3. HP: 19/20 MP: 6/10
  1351 | D:2      | Reached skill level 1 in Fighting
  1765 | D:2      | Reached XP level 4. HP: 25/25 MP: 6/11
  1947 | D:2      | Found a runed door.
  2039 | D:2      | Noticed Crazy Yiuf
  2043 | D:2      | Killed Crazy Yiuf
  2043 | D:2      | Reached skill level 5 in Conjurations
  2464 | D:3      | Reached XP level 5. HP: 15/29 MP: 9/13
  3200 | D:4      | Reached skill level 5 in Spellcasting
  3223 | D:4      | Learned a level 4 spell: Fulminant Prism
  3228 | D:4      | Learned a level 4 spell: Force Lance
  3301 | D:4      | Reached XP level 6. HP: 34/34 MP: 12/15
  3326 | D:4      | Noticed Robin
  3345 | D:4      | Killed Robin
  3411 | D:4      | Reached skill level 1 in Hexes
  3411 | D:4      | Reached skill level 1 in Translocations
  3508 | D:4      | Found Tiucer's General Store.
  3534 | D:4      | Noticed Dowan
  3568 | D:4      | Noticed Duvessa
  4106 | D:4      | Killed Duvessa
  4106 | D:4      | Reached XP level 7. HP: 34/38 MP: 7/17
  4108 | D:4      | Killed Dowan
  4283 | D:5      | Entered Level 5 of the Dungeon
  4965 | D:5      | Reached XP level 8. HP: 43/43 MP: 15/19
  5305 | D:6      | Noticed Eustachio
  5314 | D:6      | Killed Eustachio
  5469 | D:6      | Found a staircase to the Ecumenical Temple.
  5476 | Temple   | Entered the Ecumenical Temple
  5497 | Temple   | Became a worshipper of Vehumet
  5540 | D:6      | Noticed Sigmund
  5591 | D:6      | Killed Sigmund
  5656 | D:6      | Reached skill level 10 in Conjurations
  5761 | D:6      | Noticed Blork the orc
  5777 | D:6      | Killed Blork the orc
  5777 | D:6      | Reached XP level 9. HP: 15/48 MP: 11/20
  5815 | D:6      | Noticed Edmund
  5828 | D:6      | Killed Edmund
  5828 | D:6      | Reached skill level 5 in Dodging
  5842 | D:6      | Learned a level 1 spell: Animate Skeleton
  6148 | D:6      | Found Mycsixyn's Armour Emporium.
  6174 | D:6      | Reached skill level 5 in Hexes
  6423 | D:6      | Reached * piety under Vehumet
  6423 | D:6      | Offered knowledge of Shock by Vehumet.
  6554 | D:7      | Reached skill level 5 in Translocations
  6613 | D:7      | Noticed Prince Ribbit
  6621 | D:7      | Killed Prince Ribbit
  7110 | D:8      | Noticed Erica
  7171 | D:8      | Reached ** piety under Vehumet
  7197 | D:8      | Offered knowledge of Throw Flame by Vehumet.
  7277 | D:8      | Killed Erica
  7277 | D:8      | Reached XP level 10. HP: 54/57 MP: 13/24
  7586 | D:8      | Noticed a two-headed ogre
  7593 | D:8      | Killed a two-headed ogre
  7593 | D:8      | Reached skill level 5 in Fighting
  7697 | D:8      | Noticed Psyche
  7710 | D:8      | Killed Psyche
  7745 | D:8      | Found a basalt altar of Yredelemnul.
  7989 | D:9      | Offered knowledge of Mephitic Cloud by Vehumet.
  8199 | D:9      | Reached skill level 10 in Dodging
  8199 | D:9      | Reached *** piety under Vehumet
  8750 | D:9      | Learned a level 2 spell: Shroud of Golubria
  8751 | D:10     | Entered Level 10 of the Dungeon
  8751 | D:10     | Noticed Harold
  8752 | D:10     | Noticed a two-headed ogre
  8755 | D:10     | Noticed a two-headed ogre
  8758 | D:10     | Reached skill level 1 in Charms
  8758 | D:10     | Reached XP level 11. HP: 56/66 MP: 11/25
  8763 | D:9      | Killed Harold
  8820 | D:10     | Noticed Snorg
  8830 | D:9      | Offered knowledge of Sticky Flame by Vehumet.
  8854 | D:10     | Found a staircase to the Lair.
  8880 | D:9      | Killed a two-headed ogre
  9084 | D:10     | Killed Snorg
  9150 | D:10     | Killed a two-headed ogre
  9150 | D:10     | Reached skill level 10 in Spellcasting
  9159 | D:10     | Reached **** piety under Vehumet
  9178 | D:10     | Noticed Grum
  9188 | D:10     | Killed Grum
  9331 | D:10     | Offered knowledge of Irradiate by Vehumet.
  9334 | D:10     | Found Woimipp's Food Shoppe.
  9706 | D:10     | Learned a level 2 spell: Swiftness
  9798 | D:11     | Noticed a two-headed ogre
 10062 | D:11     | Noticed a five-headed hydra
 10324 | Lair:1   | Entered Level 1 of the Lair of Beasts
 11039 | Lair:1   | Learned a level 1 spell: Apportation
 11169 | Lair:2   | Reached skill level 5 in Charms
 11227 | Lair:2   | Got a crude leather armour
 11228 | Lair:2   | Identified the +1 leather armour of the Thinker {Str+4}
                  | (You found it on level 2 of the Lair of Beasts)
 11466 | Lair:2   | Reached XP level 12. HP: 49/75 MP: 19/28
 11669 | Lair:2   | Noticed a six-headed hydra
 11681 | Lair:2   | Killed a six-headed hydra
 12100 | Lair:2   | Got a pair of dazzling gloves
 12101 | Lair:2   | Identified the cursed +0 pair of gloves of Roghiane {*Drain
                  | +Blink rN++ Dex+8} (You found it on level 2 of the Lair of
                  | Beasts)
 12405 | Lair:3   | Noticed a death yak
 12406 | Lair:3   | Noticed a death yak
 12407 | Lair:3   | Noticed a death yak
 12409 | Lair:3   | Noticed a death yak
 12409 | Lair:3   | Noticed a death yak
 12481 | Lair:2   | Killed a death yak
 12481 | Lair:2   | Reached skill level 1 in Evocations
 13074 | Lair:3   | Noticed Gastronok
 13092 | Lair:3   | Killed Gastronok
 13121 | Lair:3   | Noticed Urug
 13243 | Lair:3   | Killed a death yak
 13620 | Lair:3   | Killed a death yak
 13625 | Lair:3   | Killed a death yak
 13628 | Lair:3   | Killed a death yak
 13657 | Lair:3   | Killed Urug
 13762 | Lair:3   | You fall through a shaft!
 13937 | Lair:4   | Got a jewelled hunting sling
 13999 | Lair:4   | Reached ***** piety under Vehumet
 14074 | Lair:4   | Offered knowledge of Orb of Destruction by Vehumet.
 14390 | Lair:4   | Found a staircase to the Snake Pit.
 15146 | Lair:3   | Found a staircase to the Shoals.
 15426 | Lair:4   | Learned a level 7 spell: Orb of Destruction
 15805 | Lair:5   | Noticed a catoblepas
 15882 | Lair:5   | Got a steaming hunting sling
 16031 | Lair:5   | Reached XP level 13. HP: 69/80 MP: 0/31
 16138 | Lair:5   | Reached skill level 5 in Evocations
 16802 | Lair:5   | Found a staircase to the Slime Pits.
 17379 | Lair:6   | Entered Level 6 of the Lair of Beasts
 17458 | Lair:5   | Mangled by a warg

Vault maps used:
D:1:      lemuel_arrival_hallway, grunt_decor_fettered
D:2:      uniq_crazy_yiuf_cottage
D:4:      serial_shops, shop, uniq_robin, uniq_duvessa
D:5:      first_ration, kennysheep_generic_room_5
D:6:      minmay_temple_entry_overgrown, serial_shops, shop, uniq_blork_the_orc,
          uniq_edmund, uniq_eustachio, uniq_sigmund
D:7:      uniq_prince_ribbit1
D:8:      marbit_many_paths, grunt_pizzeria, uniq_erica, uniq_psyche
D:10:     lair_entry_dummy, serial_shops, nicolae_shop_statue_plus, uniq_harold,
          uniq_snorg, uniq_grum
D:11:     st_stairs_12
Temple:   compressed_dpeg_circular_temple
Lair:3:   minmay_shoals_entry_hut, minivault_26, uniq_gastronok, uniq_urug
Lair:4:   dummy_snake_entry
Lair:5:   dpeg_slime_entry_corner, guppyfry_lair_drakes, serial_bayou_shore_b
Lair:6:   guppyfry_lair_end_dragon, hangedman_lair_caniforms_friends,
          portal_ice_cave_entry_pillars_1

Skill      XL: |  1  2  3  4  5  6  7  8  9 10 11 12 13 |
---------------+----------------------------------------+-----
Dodging        | 3 4 7 10 12 | 12.0
Fighting       | 1 4 6 8 9 |  9.7
Spellcasting   | 4 5 6 8 10 12 | 12.5
Conjurations   | 5 6 7 10 11 | 11.8
Hexes          | 2 4 6 |  6.0
Translocations | 2 4 6 |  6.0
Charms         | 1 5 6 |  6.0
Evocations     | 4 5 |  5.0
Stealth        | |  2.4

Action                   |  1- 3 |  4- 6 |  7- 9 | 10-12 | 13-15 || total
-------------------------+-------+-------+-------+-------+-------++-------
Melee: Dagger            |    14 |    24 |       |       |       ||    38
       Staff             |       |       |     3 |     9 |     1 ||    13
 Cast: Magic Dart        |    62 |    59 |   103 |    42 |    15 ||   281
       Searing Ray       |     5 |    29 |    56 |    70 |    14 ||   174
       Animate Skeleton  |       |       |    18 |    66 |    10 ||    94
       Fulminant Prism   |       |       |    16 |   120 |     7 ||   143
       Force Lance       |       |       |       |    34 |    13 ||    47
       Shroud of Golubri |       |       |       |     7 |       ||     7
       Orb of Destructio |       |       |       |     2 |       ||     2
  Use: Scroll            |       |    13 |       |    10 |       ||    23
       Potion            |       |       |       |     1 |       ||     1
 Stab: Sleeping          |       |     2 |       |       |       ||     2
  Eat: Chunk             |     3 |     7 |    10 |    21 |     3 ||    44
       Ration            |       |       |       |     3 |       ||     3
Armor: Robe              |     4 |       |       |       |       ||     4
       Leather armour    |    13 |    35 |    42 |    90 |    12 ||   192
Dodge: Dodged            |    30 |    73 |    93 |   244 |    47 ||   487

Table legend:
 A = Non-vault XP
 B = Vault XP
 C = Vault XP percentage of total XP
 D = Non-vault monster count
 E = Vault monster count
 F = Vault count percentage of total count
                 A         B        C        D         E       F
            +---------+---------+-------+---------+---------+-------
      Total |   33310 |   10106 |  23.3 |     339 |      40 |  10.6
            +---------+---------+-------+---------+---------+-------
        D:1 |      34 |       0 |   0.0 |      18 |       0 |   0.0
        D:2 |      77 |      39 |  33.6 |      21 |       1 |   4.5
        D:3 |     151 |       0 |   0.0 |      33 |       0 |   0.0
        D:4 |     287 |     253 |  46.9 |      14 |      13 |  48.1
        D:5 |     578 |      54 |   8.5 |      24 |       1 |   4.0
        D:6 |    1202 |     701 |  36.8 |      38 |       4 |   9.5
        D:7 |     881 |     274 |  23.7 |      23 |       1 |   4.2
        D:8 |    2523 |    1613 |  39.0 |      23 |       4 |  14.8
        D:9 |    3140 |    1295 |  29.2 |      36 |       3 |   7.7
       D:10 |    2808 |    1569 |  35.8 |      28 |       4 |  12.5
       D:11 |     237 |       0 |   0.0 |       5 |       0 |   0.0
     Lair:1 |     770 |       0 |   0.0 |       4 |       0 |   0.0
     Lair:2 |    6604 |       0 |   0.0 |      26 |       0 |   0.0
     Lair:3 |    3940 |    3081 |  43.9 |       8 |       3 |  27.3
     Lair:4 |    4454 |       0 |   0.0 |      19 |       0 |   0.0
     Lair:5 |    5327 |     740 |  12.2 |      18 |       3 |  14.3
     Lair:6 |     297 |     487 |  62.1 |       1 |       3 |  75.0
            +---------+---------+-------+---------+---------+-------
